[Event "Early-Titled-Tuesday-Blitz-May-28-2024"]
[Site "Chess.com"]
[Date "2024.05.28"]
[Round "1"]
[White "Arteler"]
[Black "djano"]
[Result "0-1"]
[WhiteElo "2209"]
[BlackElo "2589"]
[TimeControl "180+1"]
[EndTime "8:06:20 PDT"]
[Termination "djano won by checkmate"]

1. e4 c5 2. Nf3 g6 3. d4 cxd4 4. Nxd4 Nf6 5. Nc3 Nc6 6. Be3 Bg7 7. Bc4 Qa5 8. Qd2 Nxe4 9. Nxc6 Qxc3 10. bxc3 Nxd2 11. Kxd2 bxc6 12. Ke2 d6 13. Bd4 e5 14. Be3 Bf5 15. Rhd1 Ke7 16. Rab1 Rhb8 17. Ba6 Bxc2 18. Rxb8 Bxd1+ 19. Kxd1 Rxb8 20. Kc2 f5 21. Bg5+ Bf6 22.
Be3 f4 23. Bc1 g5 24. c4 Kd7 25. c5 d5 26. f3 Be7 27. Bd3 Bxc5 28. Bxh7 Rh8 29. Bf5+ Kc7 30. h3 a5 31. Bd2 Kb6 32. Kb3 Bb4 33. Bc1 c5 34. a3 c4+ 35. Ka4 Be1 36. Bb2 c3 37. Bc1 Bd2 38. Bxd2 cxd2 39. Bc2 Rc8 40. Kb3 a4+ 41. Kb2 Ka5 42. Bd1 Rc1 43. Be2 d1=Q 44. Bxd1 Rxd1 45. Kc2 Rg1 46. Kd3 Kb5 47. h4 gxh4 48. g3 h3 49. g4 h2 50. g5 h1=Q 51. g6 Qxf3+ 52. Kc2 Rg2+ 53. Kc1 Qf1# 0-1

[Event "Early-Titled-Tuesday-Blitz-May-28-2024"]
[Site "Chess.com"]
[Date "2024.05.28"]
[Round "1"]
[White "chessburger_tv"]
[Black "CarlosjPineror"]
[Result "0-1"]
[WhiteElo "2403"]
[BlackElo "2722"]
[TimeControl "180+1"]
[EndTime "8:06:21 PDT"]
[Termination "CarlosjPineror won by checkmate"]

1. c4 Nf6 2. g3 g6 3. Bg2 Bg7 4. Nc3 O-O 5. d3 d6 6. Rb1 c6 7.
b4 d5 8. Bb2 dxc4 9. dxc4 Qxd1+ 10. Nxd1 Be6 11. Ne3 Na6 12. a3 Rad8 13. Nf3 Ng4 14. Nxg4 Bxg4 15. h3 Bf5 16. Bxg7 Kxg7 17.
Rb2 Be4 18. Nh4 Bxg2 19. Nxg2 Rd4 20. Ne3 Rfd8 21. f3 Nc7 22. Kf2 Ne6 23. Rc1 h5 24. h4 f5 25. Ng2 Rd2 26. Rcc2 Rd1 27. Ne3 Ra1 28. Rc3 f4 29. Nc2 Rh1 30. Kg2 Rhd1 31.
Rcb3 R8d2 32. Kf2 fxg3+ 33. Kxg3 Rxe2 34. Ne3 Rg1+ 35. Kh3 Nf4# 0-1

[Event "Early-Titled-Tuesday-Blitz-May-28-2024"]
[Site "Chess.com"]
[Date "2024.05.28"]
[Round "1"]
[White "Vaathi_Coming"]
[Black "Pitomina"]
[Result "1-0"]
[WhiteElo "2899"]
[BlackElo "2499"]
[TimeControl "180+1"]
[EndTime "8:06:24 PDT"]
[Termination "Vaathi_Coming won by resignation"]

1. b3 d5 2. Bb2 Nf6 3. Nf3 c5 4. e3 Nc6 5. d4 cxd4 6. exd4 Bg4 7. Nbd2 e6 8. Bd3 Be7 9. O-O O-O 10. a3 Rc8 11.
Re1 Qc7 12. c4 dxc4 13. bxc4 Rfd8 14. Qc2 Bh5 15. Rac1 Bg6 16. g3 Bxd3 17. Qxd3 Qa5 18.
Kg2 a6 19. h3 b5 20. c5 Nd5 21. Ne4 h6 22. h4 Bf8 23. Qe2 Qa4 24. Ne5 Nxe5 25.
dxe5 Rc6 26. Qf3 Rd7 27. Red1 Rdc7 28. Rd4 b4 29. axb4 Qb5 30. Nd6 Qb8 31. Ba3 Rd7 32.
Rcd1 Ra7 33. Rg4 Bxd6 34. exd6 Rd7 35. Bb2 f5 36. Rg6 Qxb4 37. Rxd5 Qxb2 38. Rxe6 Qb7 39. Rxf5 Rxc5 40. Qxb7 Rxb7 41. Re8+ Kh7 42. Rxc5 1-0

[Event "Early-Titled-Tuesday-Blitz-May-28-2024"]
[Site "Chess.com"]
[Date "2024.05.28"]
[Round "1"]
[White "joksijoksi"]
[Black "shimastream"]
[Result "0-1"]
[WhiteElo "2537"]
[BlackElo "3040"]
[TimeControl "180+1"]
[EndTime "8:06:25 PDT"]
[Termination "shimastream won on time"]

1. d4 d5 2. c4 e6 3. Nc3 c5 4. cxd5 cxd4 5. Qxd4 Nc6 6. Qd1 exd5 7. Qxd5 Bd6 8. Nf3 Nf6 9. Qd1 O-O 10. Bg5 h6 11. Bh4 g5 12. Bg3 Bb4 13. Qc2 g4 14. Ne5 Nd4 15. Qa4 b5 16. Qd1 Ne4 17. Rc1 Re8 18.
e3 Nxg3 19. hxg3 Rxe5 20. Rxh6 Bf5 21. Be2 Nxe2 22. Qxe2 Qd3 23. Rd1 Qxe2+ 24. Kxe2 Bxc3 25. bxc3 Rc8 26. Rd4 Rxc3 27. Rd8+ Kg7 28. Rhh8 Rc2+ 29. Kd1 Rxf2 0-1

[Event "Early-Titled-Tuesday-Blitz-May-28-2024"]
[Site "Chess.com"]
[Date "2024.05.28"]
[Round "1"]
[White "IndianSchoolOfSuffering"]
[Black "MITerryble"]
[Result "0-1"]
[WhiteElo "2530"]
[BlackElo "3019"]
[TimeControl "180+1"]
[EndTime "8:06:25 PDT"]
[Termination "MITerryble won by resignation"]

1. e4 g6 2. d4 Bg7 3. Be3 d6 4. Nc3 c6 5. Qd2 Nd7 6. Nf3 b5 7. Be2 Ngf6 8. e5 b4 9. exf6 bxc3 10. Qxc3 Nxf6 11. Qd2 Ne4 12. Qd1 Rb8 13. Qc1 Ba6 14.
Bxa6 Qa5+ 15. Nd2 Nxd2 16. Qxd2 Qxa6 17. c3 O-O 18. h4 e5 19. dxe5 dxe5 20. h5 Rfd8 21.
Qc2 f5 22. hxg6 hxg6 23. Bg5 Rd5 24. c4 Rd4 25. b3 Rg4 26. Be3 f4 27. f3 Rg5 28. Bd2 e4 29. Bc3 exf3 30. gxf3 Re8+ 31. Kf1 Re3 32. Bxg7 Rxf3+ 33. Ke1 Qa5+ 34. Qd2 Qxd2+ 35.
Kxd2 Rg2+ 36. Ke1 Kxg7 37. Rf1 Re3+ 0-1

[Event "Early-Titled-Tuesday-Blitz-May-28-2024"]
[Site "Chess.com"]
[Date "2024.05.28"]
[Round "1"]
[White "zsizsi99"]
[Black "Shankland"]
[Result "1-0"]
[WhiteElo "2542"]
[BlackElo "2978"]
[TimeControl "180+1"]
[EndTime "8:06:25 PDT"]
[Termination "zsizsi99 won by resignation"]

1. e4 c5 2. b3 Nf6 3. e5 Nd5 4. Bb2 g6 5. g3 Bg7 6. Bg2 Nb6 7.
Nf3 d6 8. O-O O-O 9. d4 cxd4 10.
Bxd4 Nc6 11. exd6 Nxd4 12. Nxd4 Qxd6 13. c3 Rd8 14. Nd2 e5 15. N4f3 f5 16. Rc1 e4 17.
Nd4 Bxd4 18. cxd4 Qxd4 19. Nc4 Be6 20. Qxd4 Rxd4 21. Na5 Rd7 22. Rfd1 Rad8 23. Rxd7 Rxd7 24. Bf1 a6 25. f3 exf3 26. Kf2 Kf7 27. Kxf3 Ke7 28. h4 Nd5 29. Bc4 Nf6 30. Re1 Ne4 31. Kf4 h6 32. g4 g5+ 33. hxg5 hxg5+ 34. Ke5 Bxc4 35. Nxc4 Ng3 36. gxf5 b5 37. f6+ Kf7 38. Nd6+ Kg6 39. Ke6 Rd8 40. Ke7 Ra8 41. f7 Ra7+ 42. Ke8 Ra8+ 43. Ke7 Ra7+ 44. Ke6 Ra8 45. Ne8 1-0

[Event "Early-Titled-Tuesday-Blitz-May-28-2024"]
[Site "Chess.com"]
[Date "2024.05.28"]
[Round "1"]
[White "rasmussvane"]
[Black "LoaySameer"]
[Result "1-0"]
[WhiteElo "2957"]
[BlackElo "2515"]
[TimeControl "180+1"]
[EndTime "8:06:25 PDT"]
[Termination "rasmussvane won by resignation"]

1. Nf3 Nf6 2. g3 g6 3. Bg2 Bg7 4. O-O O-O 5. d4 d6 6. Re1 c5 7.
dxc5 dxc5 8. c3 Qxd1 9. Rxd1 Nc6 10. Be3 Nd7 11. Ne1 Nce5 12. Na3 Rb8 13. h3 f5 14. f4 Nc6 15. Nd3 e5 16. Nxc5 Nf6 17. Nc4 Nh5 18. Kf2 e4 19. Rd2 b6 20. Nd7 Bxd7 21. Rxd7 b5 22. Nd6 b4 23. Rc7 Nd8 24. Bxa7 Ne6 25. Bxb8 Rxb8 26. Rc6 bxc3 27. bxc3 Nd8 28.
Rc8 Rxc8 29. Nxc8 Bxc3 30. Rd1 Nc6 31. Rc1 Bd4+ 32. e3 Na7 33. exd4 1-0

[Event "Early-Titled-Tuesday-Blitz-May-28-2024"]
[Site "Chess.com"]
[Date "2024.05.28"]
[Round "1"]
[White "balack95"]
[Black "Keranke"]
[Result "0-1"]
[WhiteElo "2499"]
[BlackElo "2897"]
[TimeControl "180+1"]
[EndTime "8:06:25 PDT"]
[Termination "Keranke won by resignation"]

1. Nf3 g6 2. c4 Bg7 3. g3 Nf6 4.
Bg2 O-O 5. O-O d6 6. Nc3 c6 7.
Rb1 e5 8. d3 Re8 9. b4 d5 10. cxd5 cxd5 11. Bg5 h6 12. Bxf6 Bxf6 13. Nd2 Be6 14. Nb3 b6 15. e4 d4 16. Nd5 Bg7 17.
b5 Nd7 18. Nb4 h5 19. h4 Bh6 20. Nc6 Qf6 21. Nd2 Nc5 22. Nc4 Bd7 23. Nb4 Bxb5 24. Nd5 Qc6 25. Qf3 Re6 26. Bh3 Bxc4 27. Bxe6 Qxe6 28. dxc4 Rc8 29. Qf6 Qxf6 30. Nxf6+ Kg7 31.
Nd5 Nxe4 32. Rb4 Bd2 33. Ra4 Ba5 34. Rc1 Nc5 35. Ra3 e4 36. Kf1 f5 37. Ke2 d3+ 38.
Ke3 Nd7 39. Ra4 Rc5 40. Rb1 Ne5 41. f4 Nxc4+ 42. Kd4 Nd2 43. Ke3 Nxb1 0-1

[Event "Early-Titled-Tuesday-Blitz-May-28-2024"]
[Site "Chess.com"]
[Date "2024.05.28"]
[Round "1"]
[White "DominguezOnYoutube"]
[Black "maximnovik"]
[Result "1-0"]
[WhiteElo "2991"]
[BlackElo "2525"]
[TimeControl "180+1"]
[EndTime "8:06:26 PDT"]
[Termination "DominguezOnYoutube won by resignation"]

1. e4 e5 2. Nf3 Nc6 3. Bb5 a6 4. Ba4 Nf6 5. O-O Be7 6. d3 d6 7.
c3 O-O 8. Re1 b5 9. Bc2 Re8 10.
h3 Bf8 11. Bg5 h6 12. Bh4 Be7 13. Nbd2 Nh5 14. Bg3 Nxg3 15. fxg3 Be6 16. Bb3 Bf6 17.
Nf1 Ne7 18. Ne3 c6 19. d4 Ng6 20. d5 cxd5 21. Bxd5 Bg5 22. Bxa8 Qxa8 23. Nxg5 hxg5 24. Qd3 Rd8 25. a4 Qb7 26. axb5 axb5 27. Ra5 b4 28.
c4 Ne7 29. Rea1 Nc6 30. Rb5 Qc7 31. Nd5 Bxd5 32. Qxd5 Rd7 33. Ra6 Nd4 34. Rbb6 b3 35. Kh2 Kh7 36. Rxd6 Rxd6 37. Rxd6 Qa7 38. c5 Qa5 39. Qxe5 Nf3+ 40. gxf3 Qe1 41. Qf5+ 1-0

[Event "Early-Titled-Tuesday-Blitz-May-28-2024"]
[Site "Chess.com"]
[Date "2024.05.28"]
[Round "1"]
[White "mortngabriel"]
[Black "RobertoJBM"]
[Result "0-1"]
[WhiteElo "2450"]
[BlackElo "2804"]
[TimeControl "180+1"]
[EndTime "8:06:26 PDT"]
[Termination "RobertoJBM won by resignation"]

1. d4 c6 2. e4 d5 3. Nc3 dxe4 4. Nxe4 Nd7 5. Nf3 Ngf6 6. Nxf6+ Nxf6 7. Be2 Bf5 8. Bf4 e6 9. h3 h6 10. O-O Bd6 11.
Bxd6 Qxd6 12. c3 O-O 13. Qb3 Qc7 14. Rfd1 Rad8 15. Rac1 Be4 16. Nd2 Bf5 17. Nf3 Rfe8 18. Bd3 Bxd3 19. Rxd3 Nd5 20. Rcd1 Rd6 21. R3d2 Red8 22.
Ne5 Nf6 23. Nc4 Rd5 24. Ne3 R5d7 25. Qc2 g6 26. Nc4 Kg7 27. Ne5 Rd6 28. Nc4 Rd5 29. Ne3 R5d7 30. Nc4 c5 31. dxc5 Rxd2 32. Rxd2 Rxd2 33.
Nxd2 Qxc5 34. Qd3 Qd5 35. Qxd5 Nxd5 36. h4 f5 37. g3 Kf6 38. f4 Ne3 39. b3 e5 40.
fxe5+ Kxe5 41. c4 Kd4 42. Kf2 Kd3 43. Nf3 Ng4+ 44. Kg2 Ke3 45. Ne1 Kd2 46. Nf3+ Kc3 47. Kf1 Kb2 48. Nd4 Kxa2 49. b4 Ka3 50. Nb5+ Kxb4 51.
Nxa7 Kxc4 52. Ke2 b5 53. Nc6 b4 54. Kd2 b3 55. Na5+ Kb4 56. Nc6+ Ka3 57. Kc3 b2 58. Kc2 Ne3+ 59. Kb1 Nc4 60. h5 Nd2+ 0-1

[Event "Early-Titled-Tuesday-Blitz-May-28-2024"]
[Site "Chess.com"]
[Date "2024.05.28"]
[Round "1"]
[White "jbking07"]
[Black "JeFumeDesClopes"]
[Result "0-1"]
[WhiteElo "2385"]
[BlackElo "2693"]
[TimeControl "180+1"]
[EndTime "8:06:26 PDT"]
[Termination "JeFumeDesClopes won by resignation"]

1. e4 g6 2. d4 Bg7 3. f3 d6 4. Be3 c5 5. c3 Nd7 6. Bc4 Ngf6 7.
Qd2 cxd4 8. cxd4 d5 9. Bd3 dxe4 10. fxe4 Ng4 11. Nf3 Nxe3 12. Qxe3 Qb6 13. Nbd2 e5 14.
Nc4 Qb4+ 15. Qd2 Qxd2+ 16. Nfxd2 exd4 17. Nd6+ Ke7 18. N2c4 Nc5 19. O-O Be6 20. Bc2 Rhd8 21. e5 Bxe5 22. Nxe5 Rxd6 23. Rae1 Kf8 24. Bxg6 hxg6 25.
Nxg6+ Kg7 26. Nh4 Rh8 27. Re5 Rxh4 0-1

[Event "Early-Titled-Tuesday-Blitz-May-28-2024"]
[Site "Chess.com"]
[Date "2024.05.28"]
[Round "1"]
[White "FollowRivers"]
[Black "Aradhya2000"]
[Result "0-1"]
[WhiteElo "2477"]
[BlackElo "2852"]
[TimeControl "180+1"]
[EndTime "8:06:27 PDT"]
[Termination "Aradhya2000 won by resignation"]

1. Nf3 d5 2. b3 c5 3. e3 Nc6 4.
Bb2 Nf6 5. Be2 a6 6. O-O d4 7. exd4 cxd4 8. Re1 Bf5 9. Nh4 Be6 10. Bd3 Qd7 11.
c4 g6 12. Nf3 Bg7 13. Ng5 Bf5 14. Bxf5 Qxf5 15. Nf3 O-O-O 16. a3 e5 17. d3 e4 18. dxe4 Nxe4 19. Qd3 Nc5 20. Qxf5+ gxf5 21. Rd1 Nxb3 22. Ra2 Rhe8 23. Nbd2 Nc5 24. g3 Ne4 25. Nxe4 fxe4 26. Ng5 h6 27. Nh3 Ne5 28. c5 Nc4 29. Kg2 e3 30. Nf4 e2 31. Re1 Nxb2 32. Rxb2 d3 33. Ra2 d2 0-1

[Event "Early-Titled-Tuesday-Blitz-May-28-2024"]
[Site "Chess.com"]
[Date "2024.05.28"]
[Round "1"]
[White "mind1mover"]
[Black "Fernando_Offermann"]
[Result "1-0"]
[WhiteElo "2846"]
[BlackElo "2472"]
[TimeControl "180+1"]
[EndTime "8:06:28 PDT"]
[Termination "mind1mover won by resignation"]

1. e4 c5 2. Nf3 d6 3. d4 cxd4 4.
Nxd4 Nf6 5. Nc3 a6 6. Be2 e5 7. Nb3 Be6 8. O-O Nbd7 9. f4 Rc8 10. f5 Bc4 11. a4 Be7 12. Rf3 b5 13. axb5 axb5 14.
Bd3 b4 15. Ne2 d5 16. Ng3 h5 17. Bxc4 dxc4 18. Nd2 h4 19. Ngf1 Nc5 20. Qe2 Qd4+ 21. Qe3 Ncxe4 22. Nxe4 Nxe4 23. Qxd4 exd4 24. Rf4 Nf6 25.
Rxd4 Bc5 26. Be3 Bxd4 27. Bxd4 O-O 28. Ne3 Rfd8 29. c3 Nd5 30. Ng4 bxc3 31. bxc3 f6 32. g3 hxg3 33. hxg3 Ne7 34. Ne3 Rd6 35. Ra5 Kf7 36.
g4 Rc7 37. Kf2 Rdc6 38. Kf3 Rd7 39. Ke4 Nc8 40. Ra8 Nd6+ 41. Kf4 Re7 42. Nd5 Re4+ 43.
Kf3 Rxd4 44. Ra7+ Kf8 45. cxd4 c3 46. Ra8+ Kf7 47. Ra7+ Kf8 48. Ra8+ Nc8 49. Nb4 c2 50. Nxc6 c1=Q 51. Rxc8+ Kf7 52. Nd8+ Ke8 53. Rxc1 1-0

[Event "Early-Titled-Tuesday-Blitz-May-28-2024"]
[Site "Chess.com"]
[Date "2024.05.28"]
[Round "1"]
[White "tylityli"]
[Black "ChessShop"]
[Result "0-1"]
[WhiteElo "2361"]
[BlackElo "2662"]
[TimeControl "180+1"]
[EndTime "8:06:29 PDT"]
[Termination "ChessShop won on time"]

1. d4 d6 2. e4 Nf6 3. Nc3 e5 4. dxe5 dxe5 5. Qxd8+ Kxd8 6. Bg5 Be6 7. O-O-O+ Nd7 8. Nd5 Kc8 9. Nxf6 Nxf6 10. f3 Nd7 11. Ne2 f6 12. Be3 Bc5 13. Bxc5 Nxc5 14. Nc3 a5 15. a4 c6 16. Be2 Kc7 17. b3 Rad8 18. Rxd8 Rxd8 19. Rd1 Rf8 20. Bf1 g5 21. Re1 h5 22. h3 h4 23. Kd2 Nd7 24. Ke3 Nb6 25. Bd3 Rd8 26. Rd1 Rd6 27. Be2 Rxd1 28. Bxd1 Kd6 29.
Nb1 Kc5 30. c3 Nd7 31. Kd3 b5 32. Nd2 Nb6 33. axb5 cxb5 34. Kc2 b4 35. Be2 Bf7 36.
Nf1 Nc8 37. Ne3 Be6 38. Bc4 Bxc4 39. Nxc4 a4 40. cxb4+ Kxb4 41. Nd2 a3 42. Nc4 Ne7 43. Nd6 Nc6 44. Ne8 Nd4+ 45. Kb1 Kxb3 0-1

[Event "Early-Titled-Tuesday-Blitz-May-28-2024"]
[Site "Chess.com"]
[Date "2024.05.28"]
[Round "1"]
[White "Pomegranate988"]
[Black "Darius321"]
[Result "1-0"]
[WhiteElo "2660"]
[BlackElo "2354"]
[TimeControl "180+1"]
[EndTime "8:06:29 PDT"]
[Termination "Pomegranate988 won on time"]

1. Nf3 d5 2. g3 g6 3. Bg2 Bg7 4. O-O e5 5. d3 Ne7 6. e4 O-O 7. Nc3 c6 8. h3 Re8 9. a4 a5 10. Bg5 Qc7 11. Bxe7 dxe4 12. Ba3 exf3 13. Qxf3 Na6 14.
Rfe1 Nb4 15. Re2 Be6 16. Rae1 Rad8 17. Qe3 Nd5 18. Qd2 Nb6 19. b3 Nd5 20. Ne4 b6 21.
Bb2 h6 22. Qc1 Kh7 23. Nd2 b5 24. Nf3 f6 25. d4 Qd7 26. dxe5 Bxh3 27. Bxh3 Qxh3 28.
c4 Nb4 29. exf6 Nd3 30. Rxe8 Nxc1 31. fxg7 Rxe8 32. Rxe8 1-0

[Event "Early-Titled-Tuesday-Blitz-May-28-2024"]
[Site "Chess.com"]
[Date "2024.05.28"]
[Round "1"]
[White "YouJustFoundYourGodfather"]
[Black "simaopdias"]
[Result "1-0"]
[WhiteElo "2596"]
[BlackElo "2228"]
[TimeControl "180+1"]
[EndTime "8:06:29 PDT"]
[Termination "YouJustFoundYourGodfather won by checkmate"]

1. d4 Nf6 2. Bg5 Ne4 3. Bf4 d5 4. Nd2 Nxd2 5. Qxd2 Nd7 6. e3 Nf6 7. Nf3 Bf5 8. Bd3 Bxd3 9. Qxd3 c6 10. O-O e6 11. c4 Bd6 12. Ne5 O-O 13. Rab1 dxc4 14.
Qxc4 Bxe5 15. Bxe5 Qd5 16. Rfc1 Qxc4 17. Rxc4 Nd7 18.
Bg3 Rfc8 19. b4 a6 20. a4 Nb6 21.
Rc2 Nxa4 22. h3 Nb6 23. f3 Kf8 24. e4 Ke8 25. Bf2 Nd7 26. Rbc1 Nf6 27. Bg3 Rd8 28. Rc4 Rd7 29. Be5 Rad8 30. g4 Kf8 31. Kf2 Ne8 32. Ke3 f6 33. Bg3 Ke7 34. Rd1 Nd6 35. Rc3 Nb5 36.
Rcd3 Kf7 37. h4 g6 38. R1d2 Nd6 39. Rc2 Ke7 40. g5 f5 41. Be5 Kf7 42. Bf6 Re8 43. Rd1 Rc8 44. Rh1 Ne8 45. Be5 Nd6 46. h5 Ke8 47. hxg6 hxg6 48. Rh8+ Kf7 49. Rh7+ Ke8 50.
Rh6 Nf7 51. Rxg6 Nxe5 52. Rg8+ Ke7 53. Rxc8 Ng6 54. e5 Nf8 55. Rh2 Kf7 56. Rh8 Ng6 57. Rh7# 1-0

[Event "Early-Titled-Tuesday-Blitz-May-28-2024"]
[Site "Chess.com"]
[Date "2024.05.28"]
[Round "1"]
[White "BashirliSaadat"]
[Black "RuperezA"]
[Result "0-1"]
[WhiteElo "2373"]
[BlackElo "2671"]
[TimeControl "180+1"]
[EndTime "8:06:31 PDT"]
[Termination "RuperezA won by resignation"]

1. d4 Nf6 2. e3 g6 3. f4 Bg7 4. Bd3 O-O 5. Nf3 d6 6. O-O Nbd7 7. c3 b6 8. Qe2 Bb7 9. Nbd2 e5 10. e4 Re8 11.
fxe5 dxe5 12. d5 Nc5 13. Bc2 a5 14. b4 axb4 15. cxb4 Na6 16. Rb1 Qe7 17. a3 Nb8 18. Nc4 Nfd7 19. Bb2 c6 20. dxc6 Nxc6 21. Rbd1 Nd4 22.
Nxd4 exd4 23. Bxd4 Bxd4+ 24. Rxd4 Ba6 25. Qd2 Bxc4 26. Rxc4 Ne5 27. Rd4 Rxa3 28. Rd5 Ra2 29. Qc3 Qg5 30. Qb3 Rea8 31. h4 Qe7 32. Rfd1 R8a3 33.
Qb1 Ng4 34. Bb3 Qxh4 35. Qxa2 Rxa2 36. Bxa2 Qf2+ 37. Kh1 Qxa2 38. Rd8+ Kg7 39. Kg1 Qf2+ 40. Kh1 Qh4+ 41. Kg1 Qh2+ 42. Kf1 Ne3+ 43. Ke2 Nxd1 0-1

[Event "Early-Titled-Tuesday-Blitz-May-28-2024"]
[Site "Chess.com"]
[Date "2024.05.28"]
[Round "1"]
[White "Malev212"]
[Black "salomez"]
[Result "1-0"]
[WhiteElo "2626"]
[BlackElo "2308"]
[TimeControl "180+1"]
[EndTime "8:06:34 PDT"]
[Termination "Malev212 won on time"]

1. e4 c5 2. Nf3 Nc6 3. Bb5 e6 4.
Bxc6 bxc6 5. b3 f6 6. e5 Be7 7. d3 fxe5 8. Nbd2 d6 9. h4 Nf6 10.
c4 O-O 11. Qe2 Bd7 12. h5 Be8 13. Ng5 Qd7 14. h6 g6 15. Ndf3 Kh8 16. Bb2 Bf7 17. O-O-O Bg8 18. g4 Rab8 19. Nxe5 dxe5 20. Bxe5 Bd6 21.
d4 Qe7 22. dxc5 Bxe5 23. Qxe5 Rbc8 24. Ne4 g5 25. Nxg5 Qc7 26. Rd6 Qe7 27. Ne4 Bf7 28.
Nxf6 1-0

[Event "Early-Titled-Tuesday-Blitz-May-28-2024"]
[Site "Chess.com"]
[Date "2024.05.28"]
[Round "1"]
[White "Kotofeyca"]
[Black "Rsnr"]
[Result "0-1"]
[WhiteElo "2508"]
[BlackElo "2905"]
[TimeControl "180+1"]
[EndTime "8:06:35 PDT"]
[Termination "Rsnr won by checkmate"]

1. d4 d5 2. c4 c6 3. Nc3 Nf6 4. cxd5 cxd5 5. Bf4 Qb6 6. Qd2 Nc6 7. e3 Bf5 8. f3 e6 9. g4 Bg6 10. h4 h5 11. g5 Nd7 12. Rc1 Be7 13. Bd3 Bxd3 14.
Qxd3 g6 15. Rh2 O-O 16. Rd2 Rfd8 17. Nge2 Qa5 18. a3 Rac8 19. Kf2 Bf8 20. Nb5 e5 21. b4 Qa6 22. Bg3 e4 23. fxe4 dxe4 24. Qc4 Nce5 25. Qxc8 Rxc8 26. Rxc8 Ng4+ 27. Ke1 Qxb5 28.
Bd6 Kg7 29. Bxf8+ Nxf8 30. Nf4 Nxe3 31. Rc5 Qf1# 0-1

[Event "Early-Titled-Tuesday-Blitz-May-28-2024"]
[Site "Chess.com"]
[Date "2024.05.28"]
[Round "1"]
[White "jens1102"]
[Black "Quattroporte300"]
[Result "1-0"]
[WhiteElo "2717"]
[BlackElo "2393"]
[TimeControl "180+1"]
[EndTime "8:06:37 PDT"]
[Termination "jens1102 won on time"]

1. e4 c5 2. Nf3 d6 3. d4 cxd4 4.
Qxd4 a6 5. c4 Nc6 6. Qe3 Nf6 7.
Nc3 g6 8. Be2 Bg7 9. O-O O-O 10.
Rd1 Bd7 11. h3 Rc8 12. e5 dxe5 13. Nxe5 Nxe5 14. Qxe5 Re8 15. Bf3 Qc7 16. Qxc7 Rxc7 17. Bg5 Bc6 18. Nd5 Bxd5 19. cxd5 Rd7 20. Rac1 h6 21.
Be3 Red8 22. Bb6 Re8 23. a4 Nh7 24. b4 Ng5 25. a5 Nxf3+ 26. gxf3 Be5 27. Rc4 e6 28. f4 Bb8 29. Rcd4 exd5 30. Rxd5 Rxd5 31. Rxd5 Bxf4 32. Rd7 Re4 33. Rxb7 Rxb4 34. Ra7 Ra4 35. Ra8+ Kh7 36. Rxa6 Ra2 37. Ra8 h5 38. a6 g5 39. a7 g4 40. Bd4 gxh3 41. Rh8+ Kg6 42. a8=Q Rxa8 43. Rxa8 Kf5 44. Rg8 1-0

[Event "Early-Titled-Tuesday-Blitz-May-28-2024"]
[Site "Chess.com"]
[Date "2024.05.28"]
[Round "1"]
[White "twofoxniel"]
[Black "laskakid"]
[Result "1-0"]
[WhiteElo "2671"]
[BlackElo "2371"]
[TimeControl "180+1"]
[EndTime "8:06:40 PDT"]
[Termination "twofoxniel won on time"]

1. e4 d6 2. d4 Nf6 3. Nc3 e5 4. Nf3 Nbd7 5. Bc4 Be7 6. O-O O-O 7.
a4 c6 8. Re1 h6 9. h3 Re8 10.
a5 Qc7 11. Bd3 Rb8 12. Be3 b5 13. axb6 axb6 14. Ne2 exd4 15. Nfxd4 Bf8 16. Ng3 Nc5 17. Qf3 Nxd3 18. cxd3 Nh7 19. Ndf5 Be6 20. Nh5 Bxf5 21. exf5 Ng5 22. Qg4 d5 23. h4 Nh7 24. Bf4 Qd7 25.
Bxh6 f6 26. Bf4 Ra8 27. Rxa8 Rxa8 28. Re6 Kh8 29. Bg3 Qf7 30. Nf4 Ra1+ 31. Kh2 Kg8 32. Ng6 Bc5 33. Rxc6 Rc1 34. Rc8+ Nf8 35. Nxf8 Bxf8 36.
Rxc1 1-0

[Event "Early-Titled-Tuesday-Blitz-May-28-2024"]
[Site "Chess.com"]
[Date "2024.05.28"]
[Round "1"]
[White "jamengrand"]
[Black "secretworker2027"]
[Result "1-0"]
[WhiteElo "2326"]
[BlackElo "2612"]
[TimeControl "180+1"]
[EndTime "8:06:40 PDT"]
[Termination "jamengrand won by checkmate"]

1. e4 c5 2. Nf3 Nc6 3. b4 e5 4. b5 Nd4 5. Bc4 d6 6. Nc3 Nf6 7. Ng5 Ne6 8. d3 Be7 9. h4 h6 10. Nxe6 Bxe6 11. Bxe6 fxe6 12. h5 d5 13. exd5 exd5 14.
O-O O-O 15. Re1 Bd6 16. Bb2 Qd7 17. Qf3 Ne4 18. Qh3 Qxh3 19. gxh3 Nxf2 20. Nxd5 Nxh3+ 21. Kg2 Nf4+ 22. Nxf4 Rxf4 23. Bxe5 Bxe5 24. Rxe5 Raf8 25. Rxc5 b6 26. Rc4 R4f5 27. Rh1 Rg5+ 28. Kh3 Rxh5+ 29. Rh4 Rxb5 30. Rg1 Rf3+ 31. Kg2 Rbf5 32.
Kh1 Rf2 33. Rxh6 Rxc2 34. Rh2 Rxh2+ 35. Kxh2 Rf2+ 36. Kg3 Rxa2 37. Kf4 Kf7 38. Ke5 Ra5+ 39. Kd6 Kf6 40. d4 g5 41. d5 Rc5 42. Rf1+ Kg6 43. Ke6 Rc2 44. Rf6+ Kh5 45. Rf7 Re2+ 46. Kf5 Rf2+ 47.
Ke6 Re2+ 48. Kf5 Rd2 49. Rh7# 1-0

[Event "Early-Titled-Tuesday-Blitz-May-28-2024"]
[Site "Chess.com"]
[Date "2024.05.28"]
[Round "1"]
[White "Chernov_Alexander_A"]
[Black "edgarhay012"]
[Result "0-1"]
[WhiteElo "2295"]
[BlackElo "2613"]
[TimeControl "180+1"]
[EndTime "8:06:40 PDT"]
[Termination "edgarhay012 won on time"]

1. d4 Nf6 2. Nf3 b6 3. Nc3 Bb7 4.
Bg5 d5 5. Ne5 h6 6. Bh4 e6 7. e3 Be7 8. f4 a6 9. Qf3 c5 10. f5 Qc8 11. Bd3 c4 12. fxe6 Qxe6 13. Bf5 Qd6 14. Bg3 Qb4 15. O-O-O O-O 16. Be1 Qd6 17.
g4 b5 18. h4 b4 19. Na4 Ne4 20. g5 Nc6 21. gxh6 Qxh6 22. Nb6 Nxe5 23. dxe5 Qxb6 0-1

[Event "Early-Titled-Tuesday-Blitz-May-28-2024"]
[Site "Chess.com"]
[Date "2024.05.28"]
[Round "1"]
[White "lachesisQ"]
[Black "noblerone"]
[Result "1-0"]
[WhiteElo "3100"]
[BlackElo "2546"]
[TimeControl "180+1"]
[EndTime "8:06:41 PDT"]
[Termination "lachesisQ won by resignation"]

1. e4 c5 2. Nf3 e6 3. d4 cxd4 4. Nxd4 Qb6 5. Nb3 Qc7 6. Nc3 a6 7. g3 b5 8. Bg2 Bb7 9. O-O d6 10. a4 b4 11. Na2 Nc6 12. Bd2 Qb6 13. a5 Nxa5 14. Nxa5 Qxa5 15. Nxb4 Qc7 16. Qe2 a5 17. Qb5+ Qd7 18. Rxa5 Qxb5 19. Rxb5 Bc8 20. Rd1 Be7 21. Bf4 Bd7 22. Rb6 e5 23. Be3 Nf6 24. Bg5 Be6 25.
Bxf6 Bxf6 26. Rbxd6 Be7 27. Rb6 O-O 28. Nc6 Bf6 29.
Bf1 h5 30. h4 Rfc8 31. Ba6 Rc7 32. b4 Bg4 33. Re1 g5 34. hxg5 Bxg5 35. Bd3 f6 36. b5 Bf3 37. Rb1 Kg7 38. Rb8 Ra3 39. b6 Rxc6 40. b7 Rb6 41. Rxb6 Ra1+ 42. Bf1 1-0

[Event "Early-Titled-Tuesday-Blitz-May-28-2024"]
[Site "Chess.com"]
[Date "2024.05.28"]
[Round "1"]
[White "Maluco_do_Natal_00"]
[Black "Vesper2018"]
[Result "0-1"]
[WhiteElo "2036"]
[BlackElo "2563"]
[TimeControl "180+1"]
[EndTime "8:06:41 PDT"]
[Termination "Vesper2018 won by resignation"]

1. e4 c5 2. Nf3 d6 3. d4 cxd4 4. Nxd4 Nf6 5. Nc3 a6 6. Be3 e5 7.
Nb3 Be7 8. f3 Be6 9. Qd2 O-O 10.
O-O-O b5 11. g4 Nbd7 12. g5 Nh5 13. Nd5 Bxd5 14. exd5 f5 15. Kb1 f4 16. Bf2 Bxg5 17. Rg1 e4 18. fxe4 Ne5 19. Nd4 Bh6 20. Bh3 Qe8 21. Ne6 Rf7 22. Qe2 f3 23. Qe1 Kh8 24.
Bg4 Nf4 25. Bg3 Nxg4 26. Bxf4 f2 27. Qd2 fxg1=Q 28. Rxg1 Bxf4 29. Nxf4 Ne5 30. Ne6 Qe7 31. b3 Nf3 32. Qg2 Nxg1 33. Qxg1 Rf6 34. Qg3 Rxe6 35. dxe6 Qxe6 0-1